 Dungeon Crawl Stone Soup version 0.30-a0-4-ga7cffc901d (webtiles) character file.

Game seed: 14686267582593340922

81 Spectrina the Magician (level 4, 0/32 HPs)
             Began as a Djinni Venom Mage on Aug 21, 2022.
             Killed from afar by a white imp (10 damage)
             ... with a puff of frost
             ... summoned by Natasha
             ... on level 2 of the Dungeon.
             The game lasted 00:08:07 (684 turns).

Spectrina the Magician (Djinni Venom Mage)           Turns: 684, Time: 00:08:10

Health: 0/32       AC:  3    Str:  7    XL:     4   Next: 67%
Gold:   93         EV: 12    Int: 18    God:
                   SH:  0    Dex: 14

rFire   + + .      SeeInvis .    c - +1 dagger (drain)
rCold   x . .      Faith    .    (no shield)
rNeg    . . .      Spirit   .    a - +0 robe
rPois   ∞          Reflect  .    (helmet currently unavailable)
rElec   .          Harm     .    (no cloak)
rCorr   .          Rampage  .    b - +0 pair of gloves
Will    .....                    (boots unavailable)
Stlth   ++........               (no amulet)
HPRegen 0.10/turn                (no ring)
MPRegen 0.00/turn                (no ring)

@: appendages, flying
A: horns 2, flying, sickness immunity, fire resistance 2, cold vulnerability 1,
float, innate caster, HP casting, extra vitality 1
a: End Transformation


You were on level 2 of the Dungeon.
You had temporarily grown beastly horns.
You visited 1 branch of the dungeon, and saw 3 of its levels.

You collected 93 gold pieces.

Inventory:

Hand Weapons
 c - a +1 dagger of draining (weapon)
Missiles
 g - 4 javelins (quivered)
Armour
 a - a +0 robe (worn)
 b - a +0 pair of gloves (worn)
Scrolls
 i - 2 scrolls of identify {unknown}
 j - a scroll of torment {unknown}
 k - a scroll of brand weapon {unknown}
 l - a scroll of enchant weapon {unknown}
 m - a scroll of amnesia {unknown}
Potions
 d - a potion of lignification {unknown}
 e - a potion of brilliance {unknown}
 f - a potion of mutation {unknown}
 h - a potion of invisibility {unknown}
 n - a potion of curing {unknown}
 o - a potion of degeneration {unknown}


   Skills:
 + Level 1.3 Fighting
 + Level 2.8 Dodging
 + Level 2.1 Stealth
 * Level 3.0 Spellcasting
 + Level 1.2 Invocations


You couldn't memorise any spells.
You knew the following spells:

 Your Spells              Type           Power      Damage    Failure   Level
a - Sting                 Tmut/Pois      52%        1d5       4%          1
l - Mephitic Cloud        Conj/Pois/Air  13%        N/A       14%         3
m - Beastly Appendage     Tmut           26%        N/A       4%          1
q - Poisonous Vapours     Pois/Air       26%        N/A       7%          2
w - Olgreb's Toxic Radia  Pois           13%        N/A       41%         4
Your spell library was empty.

Dungeon Overview and Level Annotations

Branches:
Dungeon (3/15)

Altars:

Annotations:
D:2 Natasha


Innate Abilities, Weirdness & Mutations

You have temporarily grown beastly horns.
You are flying.
You are immune to sickness and miasma.
You are immune to poison.
Your flesh is very heat resistant. (rF++)
You are vulnerable to cold. (rC-)
You float through the air rather than walking.
You learn spells naturally, not from books.
Your magical power is your life essence.
You have superior vitality. (+4 MHP)


Message History

Press: ? - help, Shift-Dir - straight line, f - adder
Aim: an adder (53% to hit)
The sting hits the adder but does no damage.
The adder is poisoned.
You hit the adder.
The adder is lightly wounded.
The adder bites you but does no damage. The adder misses you.
You closely miss the adder.
The adder is moderately wounded.
Natasha casts a spell.
The adder closely misses you.
Unknown command.
You hit the adder but do no damage. You drain the adder.
Your punch misses the adder.
The adder is severely wounded.
The adder bites you. The white imp puffs mist at you.
Casting: Sting (safe; 4% risk of failure)
Confirm with . or Enter, or press ? or * to list all spells.
The spell is quite dangerous to miscast (14% risk of failure)!
Continue anyway?
Aiming: Mephitic Cloud (quite dangerous; 14% risk of failure)
Press: ? - help, Shift-Dir - straight line, f/p - adder
Aim: an adder (severely wounded, poisoned, heavily drained, chance to affect: 96%)
The ball explodes into a vile cloud!
The stinking cloud engulfs the adder but does no damage.
The adder is severely wounded.
The stinking cloud engulfs you but does no damage.
The stinking cloud engulfs Natasha but does no damage.
The stinking cloud engulfs the white imp but does no damage.
The adder looks more healthy.
The adder is engulfed in noxious fumes.
The adder appears confused.
Natasha is engulfed in noxious fumes.
Natasha appears confused.
Unknown command.
You hit Natasha.
Natasha is moderately wounded.
The adder is engulfed in noxious fumes.
The adder appears confused.
Natasha is engulfed in noxious fumes.
Natasha appears confused.
The white imp gestures at you. The puff of frost hits you!
You feel a terrible chill!
You die...

####+## #.....#
#.....# ##
#.....# #.
#.....# ### #.
#.....##.....
#.
#...h@☼○.....
##
.......☼5○.....
###
......S........
'.#
...............
#.#
###.....##.....
#.# #######
##### #.. ##..
#... #...


You could see Natasha (confused), an adder (confused, very drained) and a white
imp (summoned).

Vanquished Creatures
  5 adders
  3 ball pythons (D:2)
  5 endoplasms
  A giant cockroach (D:1)
  A goblin (D:2)
  A hobgoblin (D:1)
  6 jackals
  2 quokkas
  2 bats (D:1)
  A frilled lizard (D:2)
  2 kobolds (D:2)
  6 rats
35 creatures vanquished.

Notes
Turn   | Place    | Note
-------+----------+-------------------------------------------
     0 | D:1      | Spectrina the Djinni Venom Mage began the quest for the
                  | Orb.
     0 | D:1      | Spectrina set off with the following spells memorised:
                  | Sting, Poisonous Vapours, Mephitic Cloud, Olgreb's Toxic
                  | Radiance.
     0 | D:1      | Reached XP level 1. HP: 15/15 MP: 0/0
   100 | D:1      | Reached XP level 2. HP: 8/22 MP: 0/0
   212 | D:2      | Reached XP level 3. HP: 11/26 MP: 0/0
   212 | D:2      | Learned a level 1 spell: Beastly Appendage
   381 | D:1      | Reached skill level 1 in Fighting
   385 | D:1      | Reached skill level 1 in Invocations
   409 | D:2      | Noticed Natasha
   518 | D:2      | Reached XP level 4. HP: 15/32 MP: 0/0
   638 | D:3      | Reached skill level 3 in Spellcasting
   684 | D:2      | Killed from afar by a white imp

Illustrated notes

Levels and vault maps discovered:
D:1:      psy_arrival_dodecagon, layout_basic
D:2:      layout_basic, uniq_natasha
D:3:      layout_loops_ring, fountainhead

Skill      XL: |  1  2  3  4 |
---------------+-------------+-----
Fighting       | 1 |  1.3
Invocations    | 1 |  1.2
Stealth        | 2 |  2.1
Spellcasting   | 3 |  3.0
Dodging        | |  2.8

Action                   |  1- 3 |  4- 6 || total
-------------------------+-------+-------++-------
Melee: Dagger            |    36 |    23 ||    59
       Headbutt          |       |     3 ||     3
Throw: Javelin           |     1 |       ||     1
 Cast: Sting             |    21 |     1 ||    22
       Beastly Appendage |     5 |     4 ||     9
       Mephitic Cloud    |       |     1 ||     1
       Olgreb's Toxic Ra |       |     1 ||     1
 Stab: Sleeping          |       |     3 ||     3
Armor: Robe              |     8 |     5 ||    13
Dodge: Dodged            |    30 |    15 ||    45

Table legend: (Time is in decaauts)
 A = Elapsed time spent in this place.
 B = Non-inter-level travel time spent in this place.
 C = Inter-level travel time spent in this place.
 D = Time resting spent in this place.
 E = Time spent auto-exploring this place.
 F = Levels seen in this place.
 G = Mean time per level.
                   A        B        C        D        E       F      G
               +--------+--------+--------+--------+--------+-----+--------+
         Total |    682 |    640 |     42 |      0 |      0 |   3 |  227.3 |
       Dungeon |    682 |    640 |     42 |      0 |      0 |   3 |  227.3 |
               +--------+--------+--------+--------+--------+-----+--------+

Top non-repeatable levels by time:
     D:1: 336 daAuts
     D:2: 299 daAuts
     D:3: 46 daAuts
